TOP OF THE 1ST |
Minnesota Loons batting - Pitching for Gulf Coast Turbeaus : RHP Curt Finley
|
Pitching: RHP Curt Finley
|
|
Batting: RHB John Dorian
|
0-0: Swinging Strike 0-1: Foul Ball, location: 2F 0-2: Foul Ball, location: 2F 0-2: Fly out, F9 (Flyball, 9LM, EV 98.8 MPH)
|
Batting: RHB Rob Ott
|
0-0: Called Strike 0-1: Ball 1-1: Reached on error, E2 (Groundball, 15S, EV 68.8 MPH)
|
Batting: LHB Wen Mi
|
0-0: Ball 1-0: Called Strike 1-1: Ball 2-1: Ball 3-1: Base on Balls
|
Batting: SHB Víctor Pagueros
|
0-0: Ball 1-0: Ball 2-0: Swinging Strike 2-1: Foul Ball, location: 2F 2-2: Fly out, F7 (Line Drive, 7, EV 91.9 MPH)
|
Batting: LHB Claudio Guzmán
|
0-0: Ball 1-0: Foul Ball, location: 2F 1-1: Foul Ball, location: 2F 1-2: Foul Ball, location: 2F 1-2: Foul Ball, location: 2F 1-2: Ball 2-2: Strikes out swinging
|
Top of the 1st over - 0 runs, 0 hits, 1 error, 2 left on base; Minnesota 0 - Gulf Coast 0 |
BOTTOM OF THE 1ST |
Gulf Coast Turbeaus batting - Pitching for Minnesota Loons : RHP Reynaldo Vázquez
|
Pitching: RHP Reynaldo Vázquez
|
|
Batting: RHB Pete Dunn
|
0-0: Ball 1-0: Fly out, F9 (Flyball, 89D, EV 103.8 MPH)
|
Batting: LHB Gianni Fei
|
0-0: Ball 1-0: Foul Ball, location: 2F 1-1: Foul Ball, location: 2F 1-2: Foul Ball, location: 2F 1-2: Strikes out swinging
|
Batting: RHB José Labandeira
|
0-0: Ball 1-0: Fly out, F8 (Line Drive, 8RM, EV 100.6 MPH)
|
Bottom of the 1st over - 0 runs, 0 hits, 0 errors, 0 left on base; Minnesota 0 - Gulf Coast 0 |
TOP OF THE 2ND |
Minnesota Loons batting - Pitching for Gulf Coast Turbeaus : RHP Curt Finley
|
Batting: RHB Sumitomo Shimizu
|
0-0: Foul Ball, location: 2F 0-1: Fly out, F9 (Flyball, 89S, EV 77.5 MPH)
|
Batting: SHB Carlos Blanca
|
0-0: Ground out 4-3 (Groundball, 4, EV 92.5 MPH)
|
Batting: LHB Natanael Nesbitt
|
0-0: Swinging Strike 0-1: Foul Ball, location: 2F 0-2: Foul Ball, location: 2F 0-2: Ground out 4-3 (Groundball, 4, EV 84.4 MPH)
|
Top of the 2nd over - 0 runs, 0 hits, 0 errors, 0 left on base; Minnesota 0 - Gulf Coast 0 |
BOTTOM OF THE 2ND |
Gulf Coast Turbeaus batting - Pitching for Minnesota Loons : RHP Reynaldo Vázquez
|
Batting: SHB Alex Johnston
|
0-0: Ball 1-0: Ball 2-0: Ball 3-0: Base on Balls
|
Batting: RHB Jorge Sánchez
|
0-0: Ball 1-0: Swinging Strike 1-1: Called Strike 1-2: Foul Ball, location: 2F 1-2: Strikes out swinging
|
Batting: LHB Mike Gill
|
0-0: DOUBLE (Line Drive, 78D, EV 106.2 MPH) Alex Johnston to third
|
Batting: RHB Jae-keol Om
|
0-0: Ball 1-0: Foul Ball, location: 2F 1-1: Ball 2-1: DOUBLE (Flyball, 8RD, EV 86.9 MPH) Alex Johnston scores Mike Gill scores
|
Batting: SHB Reynaldo Juárez
|
0-0: Ball 1-0: Ball 2-0: Foul Ball, location: 2F 2-1: Swinging Strike 2-2: Foul Ball, location: 2F 2-2: Strikes out swinging
|
Batting: RHB Tadasu Sato
|
0-0: Foul Ball, location: 2F 0-1: Called Strike 0-2: Foul Ball, location: 2F 0-2: Ball 1-2: Foul Ball, location: 2F 1-2: Ball 2-2: SINGLE (Line Drive, 6MD, EV 94.4 MPH) Jae-keol Om to third Runner from 3rd tries for Home, SAFE, throw by CF to home
|
Batting: RHB Pete Dunn
|
0-0: Ball 1-0: Ball 2-0: Ball 3-0: Called Strike 3-1: Fly out, F8 (Flyball, 8LD, EV 103.1 MPH)
|
Bottom of the 2nd over - 3 runs, 3 hits, 0 errors, 1 left on base; Minnesota 0 - Gulf Coast 3 |
TOP OF THE 3RD |
Minnesota Loons batting - Pitching for Gulf Coast Turbeaus : RHP Curt Finley
|
Batting: RHB Jorge Pedroso
|
0-0: Foul Ball, location: 2F 0-1: Ground out U3 (Groundball, 3S, EV 91.9 MPH)
|
Batting: RHB John Dorian
|
0-0: Ball 1-0: Ground out 5-3 (Groundball, 5, EV 86.9 MPH)
|
Batting: RHB Rob Ott
|
0-0: Fly out, F8 (Line Drive, 8LM, EV 109.4 MPH)
|
Top of the 3rd over - 0 runs, 0 hits, 0 errors, 0 left on base; Minnesota 0 - Gulf Coast 3 |
BOTTOM OF THE 3RD |
Gulf Coast Turbeaus batting - Pitching for Minnesota Loons : RHP Reynaldo Vázquez
|
Batting: LHB Gianni Fei
|
0-0: Ball 1-0: Fly out, F8 (Flyball, 8RD, EV 101.2 MPH)
|
Batting: RHB José Labandeira
|
0-0: Foul Ball, location: 2F 0-1: Fly out, F7 (Flyball, 78D, EV 101.9 MPH)
|
Batting: SHB Alex Johnston
|
0-0: Called Strike 0-1: Swinging Strike 0-2: Ball 1-2: Strikes out swinging
|
Bottom of the 3rd over - 0 runs, 0 hits, 0 errors, 0 left on base; Minnesota 0 - Gulf Coast 3 |
TOP OF THE 4TH |
Minnesota Loons batting - Pitching for Gulf Coast Turbeaus : RHP Curt Finley
|
Batting: LHB Wen Mi
|
0-0: Called Strike 0-1: Ball 1-1: Ball 2-1: Foul Ball, location: 2F 2-2: Foul Ball, location: 2F 2-2: Strikes out looking
|
Batting: SHB Víctor Pagueros
|
0-0: Ball 1-0: Ball 2-0: Foul Ball, location: 2F 2-1: Ground out 5-3 (Groundball, 6, EV 85.0 MPH)
|
Batting: LHB Claudio Guzmán
|
0-0: Ball 1-0: Ball 2-0: Ball 3-0: Base on Balls
|
Batting: RHB Sumitomo Shimizu
|
0-0: Foul Ball, location: 2F Balk! Claudio Guzmán to second 0-1: Ball 1-1: Swinging Strike 1-2: Strikes out swinging
|
Top of the 4th over - 0 runs, 0 hits, 0 errors, 1 left on base; Minnesota 0 - Gulf Coast 3 |
BOTTOM OF THE 4TH |
Gulf Coast Turbeaus batting - Pitching for Minnesota Loons : RHP Reynaldo Vázquez
|
Batting: RHB Jorge Sánchez
|
0-0: Ball 1-0: Called Strike 1-1: Swinging Strike 1-2: Fly out, F8 (Flyball, 89S, EV 88.8 MPH)
|
Batting: LHB Mike Gill
|
0-0: Swinging Strike 0-1: Called Strike 0-2: Strikes out swinging
|
Batting: RHB Jae-keol Om
|
0-0: Called Strike 0-1: Reached on error, E5 (Groundball, 25, EV 84.4 MPH)
|
Batting: SHB Reynaldo Juárez
|
0-0: Fly out, F6 (Popup, 6S, EV 78.1 MPH)
|
Bottom of the 4th over - 0 runs, 0 hits, 1 error, 1 left on base; Minnesota 0 - Gulf Coast 3 |
TOP OF THE 5TH |
Minnesota Loons batting - Pitching for Gulf Coast Turbeaus : RHP Curt Finley
|
Batting: SHB Carlos Blanca
|
0-0: Called Strike 0-1: Called Strike 0-2: Foul Ball, location: 2F 0-2: Foul Ball, location: 2F 0-2: Ball 1-2: Strikes out swinging
|
Batting: LHB Natanael Nesbitt
|
0-0: Ball 1-0: Fly out, F3 (Line Drive, 3, EV 67.5 MPH)
|
Batting: RHB Jorge Pedroso
|
0-0: Ball 1-0: Ball 2-0: Called Strike 2-1: Swinging Strike 2-2: Strikes out swinging
|
Top of the 5th over - 0 runs, 0 hits, 0 errors, 0 left on base; Minnesota 0 - Gulf Coast 3 |
BOTTOM OF THE 5TH |
Gulf Coast Turbeaus batting - Pitching for Minnesota Loons : RHP Reynaldo Vázquez
|
Batting: RHB Tadasu Sato
|
0-0: Called Strike 0-1: Ball 1-1: SINGLE (Groundball, 34D, EV 106.9 MPH)
|
Batting: RHB Pete Dunn
|
0-0: Called Strike 0-1: Bunted foul 0-2: Strikes out looking
|
Batting: LHB Gianni Fei
|
0-0: Called Strike 0-1: Called Strike 0-2: Fly out, F9 (Flyball, 9LS, EV 86.2 MPH)
|
Batting: RHB José Labandeira
|
0-0: Called Strike 0-1: Called Strike 0-2: Ball 1-2: Ball 2-2: Fly out, F8 (Flyball, 89M, EV 96.2 MPH)
|
Bottom of the 5th over - 0 runs, 1 hit, 0 errors, 1 left on base; Minnesota 0 - Gulf Coast 3 |
TOP OF THE 6TH |
Minnesota Loons batting - Pitching for Gulf Coast Turbeaus : RHP Curt Finley
|
Batting: RHB John Dorian
|
0-0: Ball 1-0: Called Strike 1-1: Foul Ball, location: 2F 1-2: Ball 2-2: Strikes out swinging passed ball, reaches first!
|
Batting: RHB Rob Ott
|
0-0: Ball 1-0: SINGLE (Groundball, 6D, EV 104.4 MPH) John Dorian to second
|
Batting: LHB Wen Mi
|
0-0: Ball 1-0: Called Strike 1-1: Called Strike 1-2: Strikes out looking
|
Batting: SHB Víctor Pagueros
|
0-0: Called Strike 0-1: Ball 1-1: Fly out, F8 (Flyball, 8LM, EV 90.0 MPH)
|
Batting: LHB Claudio Guzmán
|
0-0: Ground out 4-3 (Groundball, 34D, EV 95.0 MPH)
|
Top of the 6th over - 0 runs, 1 hit, 0 errors, 2 left on base; Minnesota 0 - Gulf Coast 3 |
BOTTOM OF THE 6TH |
Gulf Coast Turbeaus batting - Pitching for Minnesota Loons : RHP Reynaldo Vázquez
|
Batting: SHB Alex Johnston
|
0-0: Ball 1-0: Foul Ball, location: 2F 1-1: Fly out, F6 (Flyball, 6MD, EV 82.5 MPH)
|
Batting: RHB Jorge Sánchez
|
0-0: Swinging Strike 0-1: Ball 1-1: Fly out, F8 (Flyball, 8RD, EV 94.4 MPH)
|
Batting: LHB Mike Gill
|
0-0: Swinging Strike 0-1: Ball 1-1: Ball 2-1: SINGLE (Line Drive, 8RS, EV 101.9 MPH)
|
Batting: RHB Jae-keol Om
|
0-0: Ball 1-0: Fly out, F6 (Line Drive, 6, EV 68.8 MPH)
|
Bottom of the 6th over - 0 runs, 1 hit, 0 errors, 1 left on base; Minnesota 0 - Gulf Coast 3 |
TOP OF THE 7TH |
Minnesota Loons batting - Pitching for Gulf Coast Turbeaus : RHP Curt Finley
|
Batting: RHB Sumitomo Shimizu
|
0-0: Ball 1-0: Ball 2-0: Fly out, F9 (Line Drive, 9D, EV 85.6 MPH)
|
Batting: SHB Carlos Blanca
|
0-0: Called Strike 0-1: Swinging Strike 0-2: Ball 1-2: Fly out, F8 (Flyball, 8LD, EV 100.0 MPH)
|
Batting: LHB Natanael Nesbitt
|
0-0: SINGLE (Line Drive, 8LS, EV 113.1 MPH)
|
Batting: RHB Jorge Pedroso
|
0-0: Ball 1-0: Ball 2-0: Fly out, F9 (Flyball, 9D, EV 84.4 MPH)
|
Top of the 7th over - 0 runs, 1 hit, 0 errors, 1 left on base; Minnesota 0 - Gulf Coast 3 |
BOTTOM OF THE 7TH |
Gulf Coast Turbeaus batting - Pitching for Minnesota Loons : RHP Reynaldo Vázquez
|
Batting: SHB Reynaldo Juárez
|
0-0: Fly out, F7 (Flyball, 7D, EV 93.8 MPH)
|
Batting: RHB Tadasu Sato
|
0-0: Ball 1-0: Called Strike 1-1: Foul Ball, location: 2F 1-2: Fly out, F8 (Flyball, 8RM, EV 90.6 MPH)
|
Batting: RHB Pete Dunn
|
0-0: Called Strike 0-1: Ball 1-1: TRIPLE (Line Drive, 89XD, EV 106.2 MPH)
|
Batting: LHB Gianni Fei
|
0-0: Ball 1-0: Swinging Strike 1-1: SINGLE (Line Drive, 34, EV 98.8 MPH) Pete Dunn scores
|
Pitching: RHP George Murray
|
|
Batting: RHB José Labandeira
|
0-0: Ball 1-0: Called Strike 1-1: Ball Gianni Fei steals 2nd, throwing error, E2 Gianni Fei to third 2-1: SINGLE (Groundball, 6M, EV 85.6 MPH) (infield hit) Gianni Fei scores
|
Batting: SHB Alex Johnston
|
0-0: Ball 1-0: Called Strike 1-1: Fly out, F9 (Flyball, 9LS, EV 85.0 MPH)
|
Bottom of the 7th over - 2 runs, 3 hits, 1 error, 1 left on base; Minnesota 0 - Gulf Coast 5 |
TOP OF THE 8TH |
Minnesota Loons batting - Pitching for Gulf Coast Turbeaus : RHP Curt Finley
|
Batting: RHB John Dorian
|
0-0: Called Strike 0-1: Ball 1-1: Foul Ball, location: 2F 1-2: Ball 2-2: Foul Ball, location: 2F 2-2: Strikes out swinging
|
Batting: RHB Rob Ott
|
0-0: Called Strike 0-1: Ball 1-1: Ball 2-1: Fly out, F8 (Line Drive, 8RD, EV 99.4 MPH)
|
Batting: LHB Wen Mi
|
0-0: Ball 1-0: Ball 2-0: Foul Ball, location: 2F 2-1: Ball 3-1: Foul Ball, location: 2F 3-2: Fly out, F7 (Flyball, 7D, EV 97.5 MPH)
|
Top of the 8th over - 0 runs, 0 hits, 0 errors, 0 left on base; Minnesota 0 - Gulf Coast 5 |
BOTTOM OF THE 8TH |
Gulf Coast Turbeaus batting - Pitching for Minnesota Loons : RHP George Murray
|
Batting: RHB Jorge Sánchez
|
0-0: Called Strike 0-1: Ball 1-1: Called Strike 1-2: Fly out, F9 (Flyball, 89S, EV 90.0 MPH)
|
Batting: LHB Mike Gill
|
0-0: Fly out, F4 (Line Drive, 4, EV 74.4 MPH)
|
Batting: RHB Jae-keol Om
|
0-0: Ball 1-0: Foul Ball, location: 2F 1-1: Called Strike 1-2: Foul Ball, location: 2F 1-2: SINGLE (Groundball, 6MD, EV 103.1 MPH)
|
Batting: SHB Reynaldo Juárez
|
0-0: Called Strike Jae-keol Om steals 2nd base 0-1: Foul Ball, location: 2F 0-2: Ball 1-2: Fly out, F8 (Flyball, 8LD, EV 94.4 MPH)
|
Bottom of the 8th over - 0 runs, 1 hit, 0 errors, 1 left on base; Minnesota 0 - Gulf Coast 5 |
TOP OF THE 9TH |
Minnesota Loons batting - Pitching for Gulf Coast Turbeaus : RHP Curt Finley
|
Pitching: RHP Kanne Kaspers
|
|
Batting: SHB Víctor Pagueros
|
0-0: Called Strike 0-1: Ball 1-1: Called Strike 1-2: SINGLE (Groundball, 3D, EV 104.4 MPH)
|
Batting: LHB Claudio Guzmán
|
0-0: Ball 1-0: Ball 2-0: Called Strike 2-1: Ball 3-1: Called Strike 3-2: 2-RUN HOME RUN (Flyball, 9D, EV 99.4 MPH), Distance : 379 ft
|
Pitching: RHP Alberto Ramos
|
|
Batting: RHB Sumitomo Shimizu
|
0-0: Ball 1-0: Foul Ball, location: 2F 1-1: Foul Ball, location: 2F 1-2: Ball 2-2: Foul Ball, location: 2F 2-2: Foul Ball, location: 2F 2-2: Strikes out swinging
|
Batting: SHB Carlos Blanca
|
0-0: Swinging Strike 0-1: Swinging Strike 0-2: Ball 1-2: Ball 2-2: Strikes out swinging
|
Batting: LHB Natanael Nesbitt
|
0-0: Called Strike 0-1: SINGLE (Popup, 6MD, EV 50.0 MPH)
|
Batting: RHB Jorge Pedroso
|
0-0: Called Strike 0-1: Ball 1-1: Called Strike 1-2: Foul Ball, location: 2F 1-2: Foul Ball, location: 2F 1-2: Ball 2-2: SINGLE (Groundball, 34D, EV 97.5 MPH) Natanael Nesbitt to second
|
Batting: RHB John Dorian
|
0-0: Swinging Strike 0-1: Called Strike 0-2: Ball 1-2: Foul Ball, location: 2F 1-2: Ball 2-2: Strikes out swinging
|
Top of the 9th over - 2 runs, 4 hits, 0 errors, 2 left on base; Minnesota 2 - Gulf Coast 5 |
|